 Dungeon Crawl Stone Soup version 0.30.1-4-g462c640d31 (webtiles) character file.

Game seed: 17552609049821329777

133 booth the Chopper (level 4, -1/34 HPs)
             Began as a Demonspawn Gladiator on Sept 11, 2023.
             Slain by a kobold brigand
             ... wielding a +0 short sword
              (6 damage)
             ... on level 3 of the Dungeon.
             The game lasted 00:16:06 (2957 turns).

booth the Chopper (Demonspawn Gladiator)            Turns: 2957, Time: 00:16:06

Health: -1/34      AC: 10    Str: 16    XL:     4   Next: 94%
Magic:  4/4        EV: 12    Int:  9    God:
Gold:   92         SH:  4    Dex: 15    Spells: 3/3 levels left

rFire   . . .        a - +3 war axe
rCold   . . .        (no shield)
rNeg    . . .        x - +0 ring mail
rPois   .            c - +0 helmet
rElec   .            v - +0 cloak
rCorr   .            (no gloves)
SInv    .            n - +2 pair of boots
Will    .....        (no amulet)
Stlth   +            (no ring)
HPRegen 0.25/turn    (no ring)
MPRegen 0.09/turn

%: no passive effects
@: mighty, lethally poisoned (-1 -> -5)
A: large bone plates 1
a: no special abilities


You were on level 3 of the Dungeon.
You visited 1 branch of the dungeon, and saw 3 of its levels.

You collected 92 gold pieces.

Inventory:

Hand Weapons
 a - a +3 war axe (weapon)
Missiles
 d - 3 throwing nets (quivered)
Armour
 c - a +0 helmet (worn)
 n - a +2 pair of boots (worn)
 v - a +0 cloak (worn)
 x - a +0 ring mail (worn)
Jewellery
 i - a ring of flight
 u - a +4 ring of protection
Scrolls
 f - a scroll of summoning
 h - a scroll of torment
 l - a scroll of brand weapon {unknown}
 o - a scroll of fog {unknown}
 q - a scroll of amnesia {unknown}
 w - a scroll of magic mapping {unknown}
Potions
 g - a potion of lignification
 j - a potion of flight
 k - a potion of attraction
 p - a potion of cancellation {unknown}
 r - a potion of brilliance {unknown}
 s - a potion of mutation {unknown}
 t - a potion of curing {unknown}


   Skills:
 + Level 2.8 Fighting
 * Level 3.9 Axes
 + Level 2.5 Throwing
 + Level 3.3 Dodging


You had 3 spell levels left.
You didn't know any spells.
Your spell library was empty.

Dungeon Overview and Level Annotations

Branches:
Dungeon (3/15)

Altars:
Makhleb
Ru

Annotations:
D:3 1 runed translucent door, IHitMyHead's ghost, amateur MiFi


Innate Abilities, Weirdness & Mutations

You are partially covered in large bone plates. (SH +4)


Message History

You are poisoned.
Throw: javelin
Press: ? - help, Q - select action, (/) - cycle Shift-Dir - straight line, f - kobold brigand
Aim: a kobold brigand, wielding a +0 dagger and quivering poisoned darts (53% to hit)
You throw a javelin.
The javelin pierces through the kobold brigand.
The kobold brigand is moderately wounded.
The javelin pierces through the kobold brigand but does no damage.
You feel very sick.
You slash the kobold brigand!
The kobold brigand is severely wounded.
You feel sick.
The kobold brigand throws a poisoned dart.
The poisoned dart hits you!
You are more poisoned.
The kobold brigand hits you with a +0 short sword.
You feel very sick. The kobold brigand closely misses you.
You block the kobold brigand's attack.
There is an open door, spattered with blood here.
You hit the kobold brigand.
The kobold brigand is lightly wounded.
You slash the kobold brigand!
* * * LOW HITPOINT WARNING * * *
You feel very sick.
The kobold brigand hits you but does no damage.
You block the kobold brigand's attack.
The kobold brigand hits you but does no damage.
The kobold brigand misses you.
You slash the kobold brigand!
The kobold brigand is heavily wounded.
You barely miss the kobold brigand.
You feel sick.
The kobold brigand hits you with a +0 dagger.
* * * LOW HITPOINT WARNING * * *
You block the kobold brigand's attack.
It was a potion of might.
You feel very mighty all of a sudden.
* * * LOW HITPOINT WARNING * * *
You feel sick. The kobold brigand barely misses you.
The kobold brigand hits you with a +0 short sword.
You die...

##########################''#####
##.....#)......#....#
##......'(......#....#
#.......#########....##
#.............)#......#
+.............('......+
#.............(#......#
#.......#########....##
##[.....@K......#....#
##....K#.(.....#....#
####################


You could see 2 kobold brigands.

Vanquished Creatures
  2 gnolls (D:3)
  2 adders (D:3)
  A worm (D:2)
  6 ball pythons
  3 bats
  7 endoplasms
  10 goblins
  11 hobgoblins
  7 jackals
  16 kobolds
  6 quokkas
  4 frilled lizards
  5 rats
80 creatures vanquished.

Notes
Turn   | Place    | Note
-------+----------+-------------------------------------------
     0 | D:1      | booth the Demonspawn Gladiator began the quest for the Orb.
     0 | D:1      | Reached XP level 1. HP: 16/16 MP: 1/1
   102 | D:1      | Gained mutation: You are partially covered in large bone
                  | plates. (SH +4) [demonic ancestry]
   102 | D:1      | Reached XP level 2. HP: 13/22 MP: 2/2
   541 | D:1      | Reached XP level 3. HP: 20/28 MP: 3/3
  1718 | D:2      | Reached XP level 4. HP: 29/34 MP: 4/4
  1858 | D:3      | Found a sacrificial altar of Ru.
  2285 | D:3      | Found a runed translucent door.
  2306 | D:3      | Noticed IHitMyHead's ghost (amateur MiFi)
  2560 | D:3      | Found a burning altar of Makhleb.
  2946 | D:3      | Noticed a kobold brigand
  2946 | D:3      | Noticed a kobold brigand
  2957 | D:3      | Slain by a kobold brigand

Illustrated notes

Levels and vault maps discovered:
D:1:      dpeg_arrival_rooms_c, layout_rooms
D:2:      wad_lake_hut, layout_basic
D:3:      minmay_goblin_kobold_castle, layout_basic, lemuel_doored_altar,
          lemuel_tele_altar, ebering_ghost_reflecting_pool, chequers_big_river,
          minmay_misc_feat_encased, serial_bayou_pond_a

Skill      XL: |  1  2  3 |
---------------+----------+-----
Throwing       | 2 |  2.5
Axes           | 3 |  3.9
Dodging        | 3 |  3.3
Fighting       | |  2.8

Action                     |  1- 3 |  4- 6 || total
---------------------------+-------+-------++-------
  Melee: War axe           |   160 |    65 ||   225
         Punch             |       |     1 ||     1
  Throw: Javelin           |       |     1 ||     1
    Use: Scroll            |     7 |     3 ||    10
         Potion            |     1 |     1 ||     2
 Armour: Leather armour    |    35 |    20 ||    55
         Ring mail         |       |     6 ||     6
  Dodge: Dodged            |    90 |    43 ||   133
  Block: Other             |    20 |    15 ||    35
